 Dungeon Crawl Stone Soup version 0.17-a0-1949-g1acca9a (webtiles) character file.

2786 Oddball22 the Slicer (level 9, 0/71 HPs)
             Began as a Demonspawn Artificer on Oct 2, 2015.
             Was a Follower of Nemelex Xobeh.
             Slain by Grum
             ... wielding a +1 spear
              (14 damage)
             ... on level 8 of the Dungeon.
             The game lasted 00:23:20 (9457 turns).

Oddball22 the Slicer (Demonspawn Artificer)         Turns: 9457, Time: 00:23:21

Health: 0/71       AC:  8    Str: 11      XL:     9   Next: 43%
Magic:  20/20      EV: 14    Int: 14      God:    Nemelex Xobeh [*.....]
Gold:   490        SH:  0    Dex: 14 (17) Spells: 0 memorised, 8 levels left

rFire  . . .     SeeInvis .     m - +2 dagger (venom)
rCold  + . .     Clarity  .     b - +0 leather armour
rNeg   + . .     SustAt   .     (no shield)
rPois  .         Gourm    .     (helmet restricted)
rElec  .         Spirit   .     (no cloak)
rCorr  .         Warding  .     a - +1 pair of gloves
rMut   .         Stasis   .     t - +0 pair of boots
MR     .....                    (no amulet)
Stlth  +.........               M - ring of positive energy
                                F - ring of magical power

@: not resistant to hostile enchantments, very unstealthy
A: horns 2, slimy green scales 1, cold resistance 1, freezing cloud immunity
a: Renounce Religion


You were on level 8 of the Dungeon.
You worshipped Nemelex Xobeh.
Nemelex Xobeh was aware of your devotion.
You were not hungry.

You visited 2 branches of the dungeon, and saw 9 of its levels.

You collected 490 gold pieces.

Inventory:

Hand weapons
 m - a +2 dagger of venom (weapon)
 p - a +0 short sword of draining
Armour
 a - a +1 pair of gloves (worn)
 b - a +0 leather armour (worn)
 t - a +0 pair of boots (worn)
Jewellery
 F - a ring of magical power (left hand)
 M - a ring of positive energy (right hand)
Magical devices
 c - a wand of flame (5)
 d - a wand of enslavement (15)
 e - a wand of random effects (15)
 o - a wand of magic darts (21)
 J - a wand of digging (12)
 L - a wand of polymorph (13)
Scrolls
 g - 6 scrolls of identify
 j - 4 scrolls of fog
 k - a scroll of enchant weapon {unknown}
 l - a scroll of recharging
 r - 3 scrolls of remove curse {unknown}
 s - 4 scrolls of magic mapping {unknown}
 x - a scroll of noise {unknown}
 y - 2 scrolls of enchant armour {unknown}
 B - a scroll of fear {unknown}
Potions
 i - 2 potions of flight
 z - a potion of heal wounds
 G - a potion of haste
 I - 2 potions of curing
Miscellaneous
 D - a plain deck of war
Comestibles
 f - 9 bread rations
 h - 7 beef jerkies
 n - 2 chunks of flesh
 u - a slice of pizza
 v - a royal jelly
 w - 8 fruits
 H - 2 meat rations


   Skills:
 + Level 6.5 Fighting
 * Level 8.5 Short Blades
 + Level 6.1 Dodging
 - Level 0.8 Stealth
 - Level 3.0 Evocations


You had 8 spell levels left.
You didn't know any spells.

Dungeon Overview and Level Annotations

Branches:
Dungeon (8/15)             Temple (1/1) D:6
   Lair: D:8-11

Altars:
Cheibriados
Elyvilon
Gozag
Nemelex Xobeh
Qazlal
Ru
Yredelemnul

Shops:
D:3 *

Annotations:
D:8 Grum


Innate Abilities, Weirdness & Mutations

You have a pair of horns on your head.
You are partially covered in slimy green scales (AC +2).
Your flesh is cold resistant.
You are immune to freezing clouds.


Message History

Grum is heavily wounded.
This wand has 5 charges left.
Grum hits you from afar with an enchanted spear.
Grum misses you.
You hit Grum.
Grum is poisoned.
Your headbutt misses Grum.
Grum is heavily wounded.
Grum hits you with an enchanted spear!
You barely miss Grum.
Grum is heavily wounded.
You hit Grum but do no damage.
Grum is severely wounded.
Grum hits you with an enchanted spear!
* * * LOW HITPOINT WARNING * * *
You hit Grum.
Grum looks even sicker.
You headbutt Grum.
Grum is almost dead.
You barely miss Grum. Your headbutt misses Grum.
Grum is almost dead.
Grum hits you with an enchanted spear!
You die...
Your body disappears without a glow.

#.......# ###.....# #..#
#.....# #..#### #.....#
#..... #.....# ##...##
#.....# ##.....## # ###..##
##.......## ##
########...####.........####.
............@ghh........'....
########...####.........####.
#..## ##.......###... #.##
##.....## #.## #.## ##...##
#.# #..# ##'## #.# ##.# #.#
#.# #.# #.# #.# #.# .# #.#


You could see Grum and 2 wolves.

Vanquished Creatures
  Pikel (D:8)
  Sigmund (D:3)
  A hippogriff (D:6)
  A wolf (D:8)
  A slave (D:8)
  2 ogres
  3 ice beasts
  A sky beast (D:5)
  A centaur (D:6)
  5 big kobolds
  2 crimson imps
  2 giant frog zombies (D:6)
  An electric eel (D:6)
  2 hounds
  A centaur zombie (D:5)
  Ijyb (D:3)
  6 orc wizards
  Jessica (D:3)
  A centaur skeleton (D:5)
  A giant frog skeleton (D:6)
  5 worker ants
  10 gnolls
  8 adders
  2 shadow imps (D:7)
  4 oozes
  A worm (D:2)
  An adder skeleton (D:4)
  An adder zombie (D:5)
  6 giant geckos
  19 orcs
  2 ball pythons
  7 bats
  6 giant cockroaches
  8 hobgoblins
  10 jackals
  2 quokkas
  A ball python skeleton (D:4)
  2 giant newts
  10 goblins
  A jackal skeleton (D:4)
  44 kobolds
  A quokka zombie (D:6)
  5 rats
191 creatures vanquished.

Notes
Turn   | Place    | Note
--------------------------------------------------------------
     0 | D:1      | Oddball22 the Demonspawn Artificer began the quest for the Orb.
     0 | D:1      | Reached XP level 1. HP: 15/15 MP: 3/3
   110 | D:1      | Reached skill level 1 in Short Blades
   110 | D:1      | Gained mutation: You are partially covered in slimy green scales (AC +2). [demonic ancestry]
   110 | D:1      | Reached XP level 2. HP: 2/21 MP: 4/4
  1134 | D:2      | Gained mutation: Your flesh is cold resistant. [demonic ancestry]
  1134 | D:2      | Reached XP level 3. HP: 26/26 MP: 5/5
  1798 | D:2      | HP: 1/27 [poisoned by an adder]
  2239 | D:2      | Reached XP level 4. HP: 33/33 MP: 6/6
  2610 | D:3      | Gained mutation: You are immune to freezing clouds. [demonic ancestry]
  2610 | D:3      | Reached XP level 5. HP: 33/39 MP: 7/7
  2683 | D:3      | Noticed Sigmund
  3047 | D:3      | Noticed Ijyb
  3077 | D:3      | Killed Ijyb
  3343 | D:3      | Found Gozag's Platinum Reserve.
  3396 | D:3      | Found an opulent altar of Gozag.
  3454 | D:3      | Noticed Jessica
  3524 | D:3      | Killed Jessica
  3531 | D:3      | Reached XP level 6. HP: 41/47 MP: 8/8
  3807 | D:3      | Reached skill level 4 in Short Blades
  4940 | D:5      | Entered Level 5 of the Dungeon
  5176 | D:5      | Reached XP level 7. HP: 38/52 MP: 9/9
  5486 | D:5      | Reached skill level 5 in Short Blades
  6165 | D:3      | Killed Sigmund
  6294 | D:6      | Reached skill level 6 in Short Blades
  6294 | D:6      | Gained mutation: You have a pair of small horns on your head. [demonic ancestry]
  6294 | D:6      | Reached XP level 8. HP: 53/61 MP: 10/10
  6490 | D:6      | Found a staircase to the Ecumenical Temple.
  7152 | Temple   | Entered the Ecumenical Temple
  7166 | Temple   | Became a worshipper of Nemelex Xobeh the Trickster
  7388 | D:6      | Reached skill level 5 in Fighting
  7500 | D:6      | Reached skill level 5 in Dodging
  7800 | D:6      | Reached skill level 7 in Short Blades
  7812 | D:6      | Received a gift from Nemelex Xobeh
  8808 | D:7      | Gained mutation: You have a pair of horns on your head. [demonic ancestry]
  8808 | D:7      | Reached XP level 9. HP: 65/69 MP: 11/11
  8846 | D:7      | Found a snail-covered altar of Cheibriados.
  8846 | D:7      | Found a white marble altar of Elyvilon.
  9090 | D:8      | Noticed Grum
  9181 | D:8      | Noticed Pikel
  9231 | D:8      | Killed Pikel
  9231 | D:8      | Reached skill level 8 in Short Blades
  9457 | D:8      | Slain by Grum

Vault maps used:
D:1:      zaba_arrival_water
D:2:      first_bread
D:3:      nicolae_gozag_zags_fifth_avenue, uniq_iyjb, uniq_jessica, uniq_sigmund
D:4:      serial_glass, glass_columns_b, glass_columns_c, glass_columns_b,
          glass_columns_b, glass_columns_b, glass_columns_a,
          due_unseen_surprise, feat_on_display, minmay_misc_feat_nine_boxes,
          minmay_tree_intersection, bh_chokoban, nrook_loot_triangle
D:6:      minmay_goblin_kobold_castle, minmay_temple_entry_statues,
          kennysheep_flooded_box
D:7:      gammafunk_temple_overflow_pools, grunt_ogre_cave
D:8:      lightli_temple_of_fire, uniq_erolcha, uniq_pikel, uniq_grum
Temple:   nicolae_temple_elliptical

Action                   |  1- 3 |  4- 6 |  7- 9 || total
-------------------------+-------+-------+-------++-------
Melee: Short sword       |    85 |       |     9 ||    94
       Dagger            |    29 |   298 |   473 ||   800
Evoke: Wand              |     6 |     2 |     8 ||    16
  Use: Potion            |     5 |       |     7 ||    12
       Scroll            |     5 |       |       ||     5
 Stab: Sleeping          |     1 |     1 |     2 ||     4
       Distracted        |       |       |     1 ||     1
  Eat: Chunk             |     4 |     9 |     9 ||    22
       Bread ration      |       |       |     1 ||     1
       Fruit             |       |       |     2 ||     2
